 Dungeon Crawl Stone Soup version 0.29-a0-222-g5b244fca1f (webtiles) character file.

Game seed: 12426764592825854441

10961 Azmakalis the Jinx (level 11, -2/61 HPs)
             Began as an Octopode Venom Mage on Feb 27, 2022.
             Was a Believer of Vehumet.
             Killed from afar by a hell hound (25 damage)
             ... with a blast of flame
             ... led by Azrael
             ... on level 2 of the Orcish Mines.
             The game lasted 00:47:18 (16715 turns).

Azmakalis the Jinx (Octopode Venom Mage)           Turns: 16715, Time: 00:47:19

Health: -2/61      AC:  1    Str:  7    XL:     11   Next: 70%
Magic:  20/23      EV: 13    Int: 23    God:    Vehumet [**....]
Gold:   989        SH:  0    Dex: 12    Spells: 2/26 levels left

rFire   . . .      SeeInvis .   g - +2 war axe (elec)
rCold   + . .      Faith    .   (no shield)
rNeg    . . .      Spirit   .   (helmet restricted)
rPois   .          Reflect  .   q - amulet of the acrobat
rElec   .          Harm     .   C - ring of resist corrosion
rCorr   +          Rampage  .   I - ring of protection from cold
Will    +....                   B - ring of willpower
Stlth   +++.......              (no ring)
HPRegen 0.20/turn               (no ring)
MPRegen 0.18/turn               (no ring)
                                (no ring)
                                (no ring)

@: about to teleport
A: almost no armour, amphibious, 8 rings, camouflage 1, gelatinous body 1,
(nimble swimmer 1), tentacles
a: Renounce Religion


You were on level 2 of the Orcish Mines.
You worshipped Vehumet.
Vehumet was pleased with you.
You visited 3 branches of the dungeon, and saw 13 of its levels.

You collected 989 gold pieces.

Inventory:

Hand Weapons
 g - a +2 war axe of electrocution (weapon)
 y - a +0 dagger of chaos
Missiles
 G - a curare-tipped dart
Armour
 e - a +0 buckler
Magical Staves
 d - a staff of conjuration {!a}
Jewellery
 q - an amulet of the acrobat (around mantle)
 B - a ring of willpower (on tentacle)
 C - a ring of resist corrosion (left tentacle)
 I - a ring of protection from cold (right tentacle)
Wands
 p - a wand of paralysis (3)
 D - a wand of digging (13)
 H - a wand of acid (1)
Scrolls
 a - 2 scrolls of noise {!r}
 b - 2 scrolls of enchant weapon {unknown}
 c - 2 scrolls of vulnerability {!r!r}
 f - a scroll of acquirement {unknown}
 r - a scroll of holy word {unknown}
 s - a scroll of magic mapping {unknown}
 t - 2 scrolls of teleportation
 v - a scroll of brand weapon {unknown}
 w - 3 scrolls of amnesia {unknown}
 x - 2 scrolls of enchant armour {unknown}
 E - a scroll of immolation {unknown}
 F - a scroll of silence {unknown}
Potions
 h - a potion of might
 j - 2 potions of lignification {unknown}
 k - 2 potions of flight {unknown}
 l - a potion of attraction {unknown}
 n - a potion of ambrosia {unknown}
 o - 2 potions of heal wounds
 u - 4 potions of mutation {unknown}
 z - a potion of degeneration {unknown}
 A - a potion of cancellation {unknown}


   Skills:
 - Level 2.0 Dodging
 - Level 2.6 Stealth
 - Level 8.1 Spellcasting
 + Level 7.5 Conjurations
 - Level 10.0 Hexes
 - Level 4.8 Transmutations
 - Level 4.0 Earth Magic
 - Level 8.1 Poison Magic
 - Level 5.4 Evocations


You had 2 spell levels left.
You knew the following spells:

 Your Spells              Type           Power      Damage    Failure   Level
a - Sting                 Tmut/Pois      100%       1d8       1%          1
b - Poisonous Vapours     Pois/Air       54%        N/A       1%          2
c - Olgreb's Toxic Radia  Pois           46%        N/A       2%          4
d - Ensorcelled Hibernat  Hex/Ice        64%        N/A       1%          2
e - Yara's Violent Unrav  Hex/Tmut       21%        3d10      9%          5
f - Fireball              Conj/Fire      13%        3d7       38%         5
w - Passwall              Tmut/Erth      24%        N/A       1%          2
x - Mephitic Cloud        Conj/Pois/Air  33%        N/A       2%          3

Your spell library contained the following spells:

 Spells                   Type           Power      Damage    Failure   Level
 Foxfire                  Conj/Fire      100%       2x1d9     1%          1
 Sandblast                Erth           56%        2d13      1%          1
 Freeze                   Ice            36%        1d6       7%          1
 Confusing Touch          Hex            53%        N/A       1%          3
 Hailstorm                Conj/Ice       26%        3d7       14%         4
 Frozen Ramparts          Ice            18%        1d3       21%         3
 Gell's Gravitas          Tloc           9%         N/A       21%         3
 Lesser Beckoning         Tloc           9%         N/A       21%         3
 Swiftness                Air            9%         N/A       21%         3
 Teleport Other           Tloc           9%         N/A       21%         3
 Summon Mana Viper        Hex/Summ       32%        N/A       24%         5
 Enfeeble                 Hex            26%        N/A       67%         7
 Summon Forest            Summ/Tloc      4%         N/A       88%         5
 Starburst                Conj/Fire      13%        6d5       92%         6
 Summon Cactus Giant      Summ           4%         N/A       100%        6
 Ignition                 Fire           4%         3d4       100%        8


Dungeon Overview and Level Annotations

Branches:
Dungeon (10/15)            Temple (1/1) D:6            Lair (0/6) D:9
    Orc (2/2) D:10            Elf (0/3) Orc:2

Altars:
Ashenzari
Cheibriados
Dithmenos
Elyvilon
Fedhas
Gozag
Hepliaklqana
Okawaru
Qazlal
Ru
Sif Muna
Trog
Vehumet
Xom
Yredelemnul
Zin
The Shining One

Shops:
D:5 =(   D:8 (

Annotations:
D:9 1 runed translucent door, exclusion: ice statue
Orc:2 Azrael


Innate Abilities, Weirdness & Mutations

You cannot wear most types of armour.
You are amphibious.
You can wear up to eight rings at the same time.
Your skin changes colour to match your surroundings (Stealth+).
Your rubbery body absorbs attacks. (AC +1, EV +1)
((You are camouflaged when in or above water. (Stealth+)))
You have tentacles for arms and can constrict up to eight enemies at once.


Message History

An orc wizard comes into view. It is wielding a +0 dagger.
The orc wizard looks even sicker.
The orc warrior looks even sicker.
The orc wizard looks even sicker.
The orc wizard is poisoned.
The hell hound is poisoned.
The hell hound looks even sicker.
Your toxic aura wanes.
The hell hound breathes flames at you. The blast of flame misses you.
The warg howls!
You begin to radiate toxic energy.
The orc wizard looks even sicker. x2
The orc wizard is poisoned.
The hell hound looks as sick as possible!
You kill the orc warrior!
You feel your power returning.
The orc wizard looks as sick as possible!
The orc warrior looks even sicker.
The orc wizard looks even sicker. x4
You kill the orc wizard!
You feel your power returning.
You now have 18/23 mp.
Unknown command.
Unknown command.
You barely miss the hell hound. You grab the hell hound.
You squeeze the hell hound!
You kill the orc wizard!
You feel your power returning.
The orc wizard looks as sick as possible!
The orc wizard looks even sicker.
The hell hound looks even sicker.
The hell hound looks as sick as possible!
Your toxic aura wanes.
You constrict the hell hound, but do no damage.
The hell hound bites you!
* * * LOW HITPOINT WARNING * * *
The hell hound bites you.
* * * LOW HITPOINT WARNING * * *
The orc wizard gestures wildly while chanting.
The orc wizard flickers and vanishes!
Deactivating autopickup; reactivate with Ctrl-A.
Azrael the Boundless Flame comes into view.
He is wielding a +3 scimitar of flaming.
The hell hound breathes flames at you. The blast of flame hits you!!
You die...

.....................
.....................
.....................
.............).......
...............).....
.............)...§...
........).......h...E
................h...^
........@h.h...E☼.h..
.........h....hR h
................ ☼
#..)oo########## .
.)))o. .).{). ......
...


You could see Azrael, a fire elemental (wandering), a warg, an orc warrior (very
poisoned), 3 hell hounds and 2 orc wizards.

Levels and vault maps discovered:
D:1:      erik_arrival_triangle_medium, layout_basic,
          dreamdust_ecumenical_altar_grove, kennysheep_boxes
D:2:      layout_basic, chequers_avenue, kennysheep_crisscross,
          chequers_decorated_corner, minmay_strange_pillars,
          minmay_pentomino_q4, uniq_robin, uniq_natasha
D:3:      layout_basic
D:4:      layout_basic, nicolae_tso_swordbearing_angel,
          nicolae_overflow_crystal_walls
D:5:      layout_loops_ring, nzn_hepliaklqana_mist_gate, led_xom_imps,
          amethyst_overflow_temple_binary, led_sif_book, serial_shops,
          nicolae_take_the_stairs, shop, kennysheep_generic_room_4, uniq_edmund
D:6:      layout_cave_pools, minmay_temple_entry_poolview, grunt_ministairs_9
D:7:      minmay_cornered_nines, layout_basic,
          mainiacjoe_overflow_surrounded_room
D:8:      hellmonk_warped_wall, layout_basic, pf_just_have_faith, serial_shops,
          nicolae_shop_window_shopping, st_stairs_11, uniq_erica, uniq_joseph
D:9:      cheibrodos_helix_gallery, layout_basic,
          nicolae_dithmenos_through_a_glass_darkly, lair_entry_dummy,
          minmay_st_funbox, minivault_15, serial_bayou_lagoon_a, uniq_erolcha,
          uniq_maggie
D:10:     wad_woods_minihive, layout_loops_ring
Temple:   hc_temple_tempest_star
Orc:1:    layout_caves, basic_altar
Orc:2:    st_orc_congregation, layout_diamond_mine, roderic_batcave, uniq_azrael

Notes
Turn   | Place    | Note
-------+----------+-------------------------------------------
     0 | D:1      | Azmakalis the Octopode Venom Mage began the quest for the
                  | Orb.
     0 | D:1      | Reached XP level 1. HP: 11/11 MP: 3/3
    82 | D:1      | Reached skill level 4 in Poison Magic
   236 | D:1      | Identified a +0 dagger
   256 | D:1      | Reached XP level 2. HP: 17/17 MP: 3/5
   263 | D:1      | Learned a level 2 spell: Poisonous Vapours
   580 | D:1      | Found a faded altar of an unknown god.
   655 | D:1      | Identified a +2 war axe of electrocution
   841 | D:1      | Identified a +0 club
   988 | D:1      | Identified a +0 vorpal hunting sling
  1403 | D:2      | Identified a +0 whip
  1406 | D:2      | Reached skill level 5 in Poison Magic
  1406 | D:2      | Reached XP level 3. HP: 21/21 MP: 6/6
  1410 | D:2      | Learned a level 3 spell: Mephitic Cloud
  1448 | D:2      | Identified a +0 whip
  1493 | D:2      | Identified a +0 club
  1629 | D:2      | Identified a +0 club
  1638 | D:2      | Identified a +0 spear
  1638 | D:2      | Identified a +0 animal skin
  1638 | D:2      | Identified a +0 helmet
  1638 | D:2      | Noticed Robin
  1638 | D:2      | Identified a +0 dagger
  1643 | D:2      | Identified a +0 club
  1644 | D:2      | Killed Robin
  1645 | D:2      | Identified a +0 club
  1647 | D:2      | Noticed Natasha
  1687 | D:2      | Killed Natasha
  1688 | D:2      | Reached skill level 6 in Poison Magic
  1688 | D:2      | Reached XP level 4. HP: 9/27 MP: 1/7
  1961 | D:2      | Identified a +0 hand axe
  1965 | D:2      | Identified a +0 whip
  1965 | D:2      | Identified a +0 ring mail
  1967 | D:2      | Identified a +0 dagger
  1967 | D:2      | Identified a +0 robe
  1968 | D:2      | Identified a +0 dagger
  1968 | D:2      | Identified a +0 robe
  1969 | D:2      | Identified a +0 short sword
  2075 | D:2      | Reached skill level 3 in Spellcasting
  2075 | D:2      | Reached XP level 5. HP: 31/31 MP: 1/9
  2085 | D:2      | Learned a level 4 spell: Olgreb's Toxic Radiance
  2206 | D:2      | Identified a ring of resist corrosion
  2757 | D:2      | Identified a +0 club
  3035 | D:2      | Noticed Natasha
  3041 | D:2      | Identified a +0 dagger
  3042 | D:2      | Identified a +0 dagger
  3042 | D:2      | Identified a +0 hunting sling
  3053 | D:2      | Killed Natasha
  3178 | D:2      | Identified a +0 robe
  3181 | D:2      | Identified a +0 chain mail
  3186 | D:2      | Identified 3 scrolls of identify
  3186 | D:2      | Identified 2 scrolls of vulnerability
  3187 | D:2      | Identified 2 potions of might
  3228 | D:2      | Identified 2 potions of curing
  3498 | D:2      | Noticed Natasha
  3502 | D:2      | Killed Natasha
  3503 | D:2      | Reached skill level 4 in Spellcasting
  3503 | D:2      | Reached XP level 6. HP: 36/36 MP: 5/12
  3506 | D:2      | Learned a level 2 spell: Ensorcelled Hibernation
  4010 | D:3      | Identified a +0 flail
  4010 | D:3      | Identified a +0 war axe
  4013 | D:3      | Identified a +0 dagger
  4013 | D:3      | Identified a +0 ring mail
  4263 | D:3      | Identified an amulet of the acrobat
  4348 | D:3      | Identified a +0 shortbow
  4416 | D:3      | Identified a +0 club
  4608 | D:3      | Identified a +0 whip
  4645 | D:3      | Identified a +0 dagger
  4833 | D:3      | Identified a +0 robe
  4870 | D:3      | Identified a +0 club
  4879 | D:3      | Reached skill level 7 in Poison Magic
  5230 | D:3      | Identified a +0 scale mail
  5486 | D:4      | Identified a +0 whip
  5642 | D:4      | Identified a +0 dagger
  5661 | D:4      | Reached skill level 8 in Poison Magic
  5661 | D:4      | Reached XP level 7. HP: 41/41 MP: 9/13
  5704 | D:4      | Found a broken altar of Ashenzari.
  5725 | D:4      | Learned a level 2 spell: Passwall
  5802 | D:4      | Found a glowing golden altar of the Shining One.
  5812 | D:4      | Identified a +0 buckler
  5904 | D:4      | Identified a +0 dagger
  5935 | D:5      | Entered Level 5 of the Dungeon
  5939 | D:5      | Reached skill level 1 in Earth Magic
  5953 | D:5      | Reached skill level 2 in Earth Magic
  6069 | D:5      | Identified a +0 morningstar
  6085 | D:5      | HP: 3/41 [orc priest/divine providence (13)]
  6089 | D:5      | Identified a +0 mace
  6090 | D:5      | Identified a +0 dagger of chaos
  6092 | D:5      | Identified a +0 short sword
  6092 | D:5      | Identified a +0 leather armour
  6100 | D:5      | Reached skill level 3 in Earth Magic
  6192 | D:5      | Identified a +0 short sword
  6192 | D:5      | Identified a +0 leather armour
  6192 | D:5      | Identified a +0 dagger
  6192 | D:5      | Identified a +0 mace
  6192 | D:5      | Identified a +0 leather armour
  6399 | D:5      | Found a hazy altar of Hepliaklqana.
  6444 | D:5      | Reached skill level 4 in Earth Magic
  6501 | D:5      | Found Yhopiz's Jewellery Emporium.
  6558 | D:5      | Identified a +0 dagger
  6558 | D:5      | Identified a +0 robe
  6566 | D:5      | Reached skill level 1 in Hexes
  6702 | D:5      | Identified a +0 kite shield
  6864 | D:5      | Found a shimmering altar of Xom.
  6876 | D:5      | Identified a +0 giant club
  6877 | D:5      | Reached XP level 8. HP: 44/46 MP: 14/14
  6895 | D:5      | Reached skill level 2 in Hexes
  6968 | D:5      | Reached skill level 3 in Hexes
  6987 | D:5      | Identified a +3 flail of holy wrath
  6987 | D:5      | Identified a +4 chain mail of positive energy
  6987 | D:5      | Noticed Edmund
  7018 | D:5      | HP: 11/46 [Edmund/+3 flail of holy wrath (15)]
  7031 | D:5      | Killed Edmund
  7032 | D:5      | Reached skill level 4 in Hexes
  7284 | D:5      | Found Wozin's Antique Weapon Shoppe.
  7297 | D:5      | Found a shimmering blue altar of Sif Muna.
  7303 | D:5      | Identified a +0 dagger
  7303 | D:5      | Identified a +0 robe
  7309 | D:5      | Identified a +0 dagger
  7309 | D:5      | Identified a +0 robe
  7327 | D:5      | Reached skill level 5 in Hexes
  7328 | D:5      | Got Sif Muna's Collected Works on Earth
  7692 | D:5      | Found a bloodstained altar of Trog.
  7697 | D:5      | Identified a ring of protection from cold
  7707 | D:5      | Found an opulent altar of Gozag.
  7790 | D:6      | Identified a +0 robe
  7811 | D:6      | Identified a +0 flail
  7811 | D:6      | Identified a +0 scale mail
  7812 | D:6      | Identified a +0 dagger
  7812 | D:6      | Identified a +0 robe
  7812 | D:6      | Identified a +0 trident
  7817 | D:6      | Identified a +0 short sword
  7817 | D:6      | Identified a +0 scale mail
  7855 | D:6      | Identified a +0 giant club
  7879 | D:6      | Reached skill level 5 in Spellcasting
  8017 | D:6      | Identified a +0 dagger
  8017 | D:6      | Identified a +0 robe
  8018 | D:6      | Identified a +0 dagger
  8018 | D:6      | Identified a +0 robe
  8019 | D:6      | Identified a +0 halberd
  8019 | D:6      | Identified a +0 chain mail
  8019 | D:6      | Identified a +0 falchion
  8021 | D:6      | Identified a +0 club
  8180 | D:6      | Reached skill level 6 in Spellcasting
  8180 | D:6      | Reached XP level 9. HP: 42/51 MP: 14/18
  8186 | D:6      | Learned a level 5 spell: Yara's Violent Unravelling
  8306 | D:6      | Identified a +0 short sword
  8306 | D:6      | Identified a +0 scale mail
  8307 | D:6      | Identified a +0 dagger
  8307 | D:6      | Identified a +0 ring mail
  8307 | D:6      | Identified a +0 club
  8307 | D:6      | Identified a +0 dagger
  8307 | D:6      | Identified a +0 robe
  8307 | D:6      | Identified a +0 club
  8307 | D:6      | Identified a +0 dagger
  8307 | D:6      | Identified a +0 robe
  8307 | D:6      | Identified a +0 hand axe
  8308 | D:6      | Identified a +0 trident
  8308 | D:6      | Identified a +0 ring mail
  8308 | D:6      | Identified a +0 buckler
  8309 | D:6      | Identified a +0 falchion
  8309 | D:6      | Identified a +0 mace
  8310 | D:6      | Identified a +0 war axe
  8310 | D:6      | Identified a +0 whip
  8310 | D:6      | Identified a +0 hand axe
  8312 | D:6      | Identified a +0 halberd
  8313 | D:6      | Identified a +0 flail
  8315 | D:6      | Reached skill level 6 in Hexes
  8440 | D:6      | Identified a +0 shortbow
  8554 | D:6      | Found a staircase to the Ecumenical Temple.
  8563 | Temple   | Entered the Ecumenical Temple
  8590 | Temple   | Became a worshipper of Vehumet
  8699 | D:7      | Identified a +0 hand axe
  8699 | D:7      | Identified a +0 scale mail
  8723 | D:7      | Identified a +0 helmet
  8730 | D:7      | Found a snail-covered altar of Cheibriados.
  9042 | D:7      | Identified a +0 hand axe
  9148 | D:7      | Identified a ring of willpower
  9227 | D:7      | Identified a +0 short sword
  9286 | D:7      | Reached skill level 7 in Hexes
  9632 | D:7      | Identified a +0 giant club
  9632 | D:7      | Identified a +0 giant club
  9632 | D:7      | Noticed a two-headed ogre
  9690 | D:6      | HP: 12/50 [yak (9)]
  9710 | D:6      | Reached skill level 8 in Hexes
  9989 | D:7      | Identified a +0 dagger
  9989 | D:7      | Identified a +0 robe
  9989 | D:7      | Noticed a kobold demonologist
  9997 | D:7      | Killed a kobold demonologist
  9998 | D:7      | Reached skill level 3 in Transmutations
 10109 | D:7      | Identified 6 scrolls of teleportation
 10151 | D:7      | Found a snail-covered altar of Cheibriados.
 10211 | D:7      | Killed a two-headed ogre
 10212 | D:7      | Reached skill level 4 in Evocations
 10212 | D:7      | Reached XP level 10. HP: 56/56 MP: 12/19
 10632 | D:8      | Identified 2 scrolls of noise
 10685 | D:8      | Reached skill level 5 in Evocations
 10949 | D:8      | Identified a +0 shortbow
 11006 | D:8      | Identified a +0 ring mail
 11025 | D:8      | Identified a +0 shortbow
 11034 | D:8      | Reached skill level 4 in Transmutations
 11044 | D:8      | Identified a +0 club
 11051 | D:8      | Identified a +0 shortbow
 11060 | D:8      | HP: 8/56 [centaur/arrow (14)]
 11598 | D:8      | Identified a +3 hand axe of freezing
 11598 | D:8      | Identified a +0 robe
 11607 | D:8      | Identified a +3 short sword
 11607 | D:8      | Identified a +0 robe
 11607 | D:8      | Identified a +3 halberd
 11607 | D:8      | Identified a +0 robe
 11608 | D:8      | Identified a +3 hand axe
 11608 | D:8      | Identified a +0 robe
 11622 | D:8      | Identified a +0 quarterstaff
 11650 | D:8      | Identified a +0 scimitar of flaming
 11650 | D:8      | Identified a +2 robe of fire resistance
 11650 | D:8      | Noticed Erica
 11654 | D:8      | Reached skill level 7 in Spellcasting
 11911 | D:8      | Identified a +0 quarterstaff
 11911 | D:8      | Identified a +0 hunting sling
 11911 | D:8      | Identified a +0 ring mail
 11911 | D:8      | Noticed Joseph
 11922 | D:8      | Killed Joseph
 12053 | D:8      | Identified a +4 dire flail
 12053 | D:8      | Identified a +0 robe
 12086 | D:8      | Identified a +7 long sword of freezing
 12086 | D:8      | Identified a +0 robe
 12090 | D:8      | Identified a +0 halberd
 12090 | D:8      | Identified a +0 robe
 12090 | D:8      | Identified a +2 morningstar
 12090 | D:8      | Identified a +0 robe
 12092 | D:8      | Identified a +0 vampiric hand axe
 12092 | D:8      | Identified a +0 robe
 12100 | D:8      | Identified a +0 flail
 12100 | D:8      | Identified a +0 robe
 12116 | D:8      | Reached skill level 8 in Spellcasting
 12281 | D:8      | Learned a level 5 spell: Fireball
 12315 | D:8      | Found Pylam's Antique Weapon Emporium.
 12408 | D:8      | Found a sacrificial altar of Ru.
 12568 | D:8      | Found Pylam's Antique Weapon Emporium.
 12709 | D:8      | Killed Erica
 12710 | D:8      | Reached skill level 9 in Hexes
 12924 | D:8      | Identified a +0 leather armour
 13073 | D:9      | Identified a +0 giant spiked club
 13073 | D:9      | Identified a +0 giant club
 13073 | D:9      | Noticed a two-headed ogre
 13102 | D:9      | Killed a two-headed ogre
 13217 | D:9      | Identified 3 potions of heal wounds
 13241 | D:9      | Identified a +0 shortbow
 13253 | D:9      | Reached XP level 11. HP: 50/61 MP: 11/23
 13259 | D:9      | Reached skill level 10 in Hexes
 13337 | D:9      | Identified a +0 shortbow
 13345 | D:9      | Reached * piety under Vehumet
 13345 | D:9      | Offered knowledge of Magic Dart by Vehumet.
 13365 | D:9      | Identified a +0 long sword
 13365 | D:9      | Identified +1 swamp dragon scales
 13365 | D:9      | Noticed Maggie
 13487 | D:9      | Identified a +0 giant club
 13487 | D:9      | Identified a +0 robe
 13487 | D:9      | Noticed Erolcha
 13499 | D:9      | Killed Erolcha
 13500 | D:9      | Reached skill level 2 in Conjurations
 13718 | D:9      | Reached skill level 3 in Conjurations
 13791 | D:9      | Found a staircase to the Lair.
 13849 | D:9      | Identified a +0 shortbow
 14099 | D:9      | Killed Maggie
 14200 | D:9      | Identified a +0 spear
 14200 | D:9      | Identified a +0 flail
 14202 | D:9      | Identified a +0 spear
 14202 | D:9      | Identified a +0 ring mail
 14204 | D:9      | Reached skill level 4 in Conjurations
 14205 | D:9      | Identified a +0 club
 14205 | D:9      | Identified a +0 ring mail
 14209 | D:9      | Identified a +0 halberd
 14209 | D:9      | Identified a +0 whip
 14214 | D:9      | Identified a +0 spear
 14298 | D:9      | Identified a +0 shortbow
 14550 | D:9      | Reached skill level 5 in Conjurations
 14702 | D:9      | Identified a +0 falchion
 14705 | D:9      | Identified a +0 dire flail
 14705 | D:9      | Identified a +0 chain mail
 14711 | D:9      | Identified a +0 hand axe
 14766 | D:9      | Identified a +0 giant club
 14766 | D:9      | Identified a +0 giant spiked club
 14766 | D:9      | Noticed a two-headed ogre
 14766 | D:9      | Identified a +0 dagger
 14766 | D:9      | Identified a +0 scale mail
 14766 | D:9      | Noticed a deep elf pyromancer
 14767 | D:9      | Identified a +0 club
 14767 | D:9      | Identified a +0 leather armour
 14768 | D:9      | Identified a +0 giant club
 14768 | D:9      | Identified a +0 giant club
 14768 | D:9      | Noticed a two-headed ogre
 14768 | D:9      | Identified a +0 short sword
 14768 | D:9      | Identified a +0 plate armour
 14769 | D:9      | Found a runed translucent door.
 14852 | D:9      | Found a shadowy altar of Dithmenos.
 15293 | D:10     | Entered Level 10 of the Dungeon
 15360 | D:10     | Found a staircase to the Orcish Mines.
 15395 | Orc:1    | Entered Level 1 of the Orcish Mines
 15395 | Orc:1    | Identified a +0 mace of protection
 15395 | Orc:1    | Identified a +0 war axe
 15395 | Orc:1    | Identified a +0 plate armour
 15396 | Orc:1    | Identified a +0 scimitar
 15396 | Orc:1    | Noticed an orc high priest
 15396 | Orc:1    | Identified a +0 war axe
 15396 | Orc:1    | Identified a +0 leather armour
 15399 | Orc:1    | Identified a +0 giant club
 15400 | Orc:1    | Identified a +0 dagger
 15401 | Orc:1    | Identified a +0 mace of holy wrath
 15408 | Orc:1    | Killed an orc high priest
 15409 | Orc:1    | Reached skill level 6 in Conjurations
 15526 | Orc:1    | Identified a +1 short sword of venom
 15526 | Orc:1    | Identified a +0 hand axe
 15527 | Orc:1    | Identified a +0 halberd
 15527 | Orc:1    | Identified a +0 plate armour
 15528 | Orc:1    | Identified a +0 flail
 15528 | Orc:1    | Identified a +0 ring mail
 15528 | Orc:1    | Identified a +0 morningstar
 15528 | Orc:1    | Identified a +0 ring mail
 15530 | Orc:1    | Offered knowledge of Foxfire by Vehumet.
 15534 | Orc:1    | Reached ** piety under Vehumet
 15623 | Orc:1    | Identified a +0 giant spiked club
 15640 | Orc:1    | HP: 12/61 [troll (13)]
 15640 | Orc:1    | HP: 2/61 [troll (10)]
 15652 | Orc:1    | HP: 12/61 [troll (12)]
 15654 | Orc:1    | Identified a +0 troll leather armour
 16092 | Orc:2    | Entered Level 2 of the Orcish Mines
 16099 | Orc:2    | Identified a +0 dire flail
 16099 | Orc:2    | Identified a +0 plate armour
 16100 | Orc:2    | Identified a +0 dagger
 16100 | Orc:2    | Identified a +0 robe
 16102 | Orc:2    | Identified a +0 dagger
 16102 | Orc:2    | Identified a +0 robe
 16107 | Orc:2    | Identified a +0 giant spiked club
 16216 | Orc:2    | Reached skill level 7 in Conjurations
 16331 | Orc:2    | Identified a +0 flail
 16334 | Orc:2    | Identified a +0 flail
 16334 | Orc:2    | Identified a +0 chain mail
 16335 | Orc:2    | Identified a +0 dagger
 16335 | Orc:2    | Identified a +0 robe
 16613 | Orc:2    | Identified a +0 giant club
 16645 | Orc:2    | Found a staircase to the Elven Halls.
 16651 | Orc:2    | Identified a +0 giant club
 16704 | Orc:2    | Identified a +0 short sword
 16704 | Orc:2    | Identified a +0 chain mail
 16704 | Orc:2    | Identified a +0 glaive
 16704 | Orc:2    | Identified a +0 plate armour
 16704 | Orc:2    | Identified a +0 club
 16704 | Orc:2    | Identified a +0 short sword
 16704 | Orc:2    | Identified a +0 flail
 16704 | Orc:2    | Identified a +0 leather armour
 16709 | Orc:2    | Identified a +0 flail
 16710 | Orc:2    | Identified a +0 dagger
 16710 | Orc:2    | Identified a +0 ring mail
 16710 | Orc:2    | Identified a +0 hand axe
 16710 | Orc:2    | Identified a +0 leather armour
 16710 | Orc:2    | Identified a +0 club
 16710 | Orc:2    | Identified a +0 ring mail
 16711 | Orc:2    | Identified a +0 dagger
 16711 | Orc:2    | Identified a +0 robe
 16711 | Orc:2    | Identified a +0 dagger
 16711 | Orc:2    | Identified a +0 robe
 16711 | Orc:2    | Identified a +0 dagger
 16711 | Orc:2    | Identified a +0 robe
 16711 | Orc:2    | Identified a +0 battleaxe
 16711 | Orc:2    | Identified a +0 chain mail
 16712 | Orc:2    | Identified a +0 dagger
 16712 | Orc:2    | Identified a +0 robe
 16713 | Orc:2    | Identified a +0 dagger
 16713 | Orc:2    | Identified a +0 robe
 16715 | Orc:2    | Identified a +3 scimitar of flaming
 16715 | Orc:2    | Noticed Azrael
 16715 | Orc:2    | Killed from afar by a hell hound

Table legend: (Time is in decaauts)
 A = Elapsed time spent in this place.
 B = Non-inter-level travel time spent in this place.
 C = Inter-level travel time spent in this place.
 D = Time resting spent in this place.
 E = Time spent auto-exploring this place.
 F = Levels seen in this place.
 G = Mean time per level.
                   A        B        C        D        E       F      G
               +--------+--------+--------+--------+--------+-----+--------+
         Total |  16880 |  16345 |    535 |   1197 |  12776 |  13 | 1298.5 |
       Dungeon |  15510 |  15012 |    498 |   1106 |  11703 |  10 | 1551.0 |
        Temple |     39 |     18 |     21 |      0 |     13 |   1 |   39.0 |
  Orcish Mines |   1330 |   1314 |     16 |     91 |   1060 |   2 |  665.0 |
               +--------+--------+--------+--------+--------+-----+--------+

Top non-repeatable levels by time:
     D:2: 2851 daAuts
     D:8: 2430 daAuts
     D:9: 2314 daAuts
     D:6: 1560 daAuts
     D:7: 1554 daAuts
     D:5: 1550 daAuts
     D:3: 1336 daAuts
     D:1: 1180 daAuts
   Orc:1: 700 daAuts
     D:4: 676 daAuts
   Orc:2: 630 daAuts
    D:10: 55 daAuts
  Temple: 39 daAuts

Table legend:
 A = Kills in this place as a percentage of kills in entire the game.
 B = Kills by you in this place as a percentage of kills by you in the entire game.
 C = Kills by friends in this place as a percentage of kills by friends in the entire game.
 D = Other kills in this place as a percentage of other kills in the entire game.
 E = Experience gained in this place as a percentage of experience gained in the entire game.
 F = Experience gained in this place divided by the number of levels of this place that you have seen.
                   A       B       C       D       E      F
               +-------+-------+-------+-------+-------+----------------------
         Total | 100.0 | 100.0 |   N/A | 100.0 | 100.0 | 1207.3
       Dungeon |  85.1 |  85.0 |   N/A | 100.0 |  82.2 | 1290.4
  Orcish Mines |  14.9 |  15.0 |   N/A |   0.0 |  17.8 | 1395.5
               +-------+-------+-------+-------+-------+----------------------

Skill      XL: |  1  2  3  4  5  6  7  8  9 10 11 |
---------------+----------------------------------+-----
Poison Magic   | 4 5 6 8 |  8.1
Spellcasting   | 3 4 6 8 |  8.1
Earth Magic    | 4 |  4.0
Hexes          | 1 5 8 9 10 | 10.0
Transmutations | 3 4 |  4.8
Evocations     | 4 5 |  5.4
Conjurations   | 7 |  7.5
Dodging        | |  2.0
Stealth        | |  2.6

Action                   |  1- 3 |  4- 6 |  7- 9 | 10-12 || total
-------------------------+-------+-------+-------+-------++-------
Melee: Unarmed           |    13 |       |       |       ||    13
       Constrict         |     9 |    16 |    21 |    17 ||    63
       Tentacles         |     4 |     9 |    15 |    19 ||    47
       Staff             |     8 |       |       |       ||     8
       War axe           |    25 |    81 |    94 |   106 ||   306
       Punch             |     2 |       |       |     3 ||     5
 Cast: Sting             |     5 |       |       |       ||     5
       Poisonous Vapours |     7 |    31 |    57 |    70 ||   165
       Mephitic Cloud    |       |     2 |     6 |    21 ||    29
       Olgreb's Toxic Ra |       |     1 |    13 |    20 ||    34
       Ensorcelled Hiber |       |       |     3 |     5 ||     8
       Yara's Violent Un |       |       |       |     2 ||     2
Evoke: Wand              |       |       |     1 |    14 ||    15
  Use: Scroll            |       |     3 |     1 |     5 ||     9
       Potion            |       |       |     3 |     3 ||     6
 Stab: Sleeping          |     6 |    10 |     5 |     3 ||    24
       Paralysed         |       |       |       |    13 ||    13
       Confused          |       |       |       |     3 ||     3
Armor: Skin              |     7 |     2 |     7 |     5 ||    21
Dodge: Dodged            |    27 |    47 |    63 |    89 ||   226

Vanquished Creatures
  Erolcha (D:9)
  Erica (D:8)
  2 two-headed ogres
  An orc high priest (Orc:1)
  Joseph (D:8)
  Maggie (D:9)
  A kobold demonologist (D:7)
  A troll (Orc:1)
  2 hornets
  5 yaks
  A wraith (D:9)
  A basilisk (D:8)
  A steam dragon (D:8)
  Edmund (D:5)
  A warg (Orc:2)
  2 water moccasins (D:8)
  A sky beast (D:7)
  7 orc warriors
  An ice beast (D:7)
  4 necrophages
  7 ogres
  9 centaurs
  2 kobold brigands
  3 bullfrogs
  3 scorpions
  2 gnoll sergeants
  5 killer bees (D:9)
  10 wights (D:8)
  4 crimson imps (D:5)
  8 orc priests
  4 hounds
  2 jellies (D:5)
  Natasha (thrice) (D:2)
  3 iguanas
  15 orc wizards
  Robin (D:2)
  9 gnolls
  9 adders
  An ufetubus (D:5)
  3 worms
  2 dart slugs
  40 orcs
  3 ball pythons
  5 bats
  9 endoplasms
  12 goblins
  7 hobgoblins
  5 kobolds
  A quokka (D:2)
  4 frilled lizards
  8 rats
235 creatures vanquished.

Vanquished Creatures (others)
  50 plants (D:9)
50 creatures vanquished.

Grand Total: 285 creatures vanquished
